 Dungeon Crawl Stone Soup version 0.22.1-1-ga44c0e5 (webtiles) character file.

3836 shiningwizard the Slinger (level 10, -2/68 HPs)
             Began as a Halfling Hunter on Nov 1, 2018.
             Was a Priest of Ru.
             Shot with an arrow by a centaur (9 damage)
             ... on level 9 of the Dungeon on Nov 2, 2018.
             The game lasted 01:51:14 (6396 turns).

shiningwizard the Slinger (Halfling Hunter)         Turns: 6396, Time: 01:51:14

Health: -2/68      AC:  9    Str: 14    XL:     10   Next: 40%
Magic:  10/10      EV: 17    Int:  9    God:    Ru [***...]
Gold:   560        SH:  0    Dex: 22    Spells: 9/9 levels left

rFire    + + .     SeeInvis .   E - +1 rapier of Defence {protect, *Drain rPois rF++ Dex+4}
rCold    . . .     Gourm    .   (shield unavailable)
rNeg     + . .     Faith    .   A - +3 ring mail
rPois    +         Spirit   .   (no helmet)
rElec    .         Reflect  .   q - scarf {cloud immunity}
rCorr    .         Harm     .   (no gloves)
MR       .....                  (no boots)
Stlth    ++........             (no amulet)
HPRegen  0.21/turn              (ring unavailable)
MPRegen  0.12/turn              k - ring of positive energy

@: no status effects
A: small, mutation resistance 1, missing a hand
a: Draw Out Power, Renounce Religion


You were on level 9 of the Dungeon.
You worshipped Ru.
Ru was most pleased with you.
You were not hungry.

You visited 2 branches of the dungeon, and saw 10 of its levels.

You collected 560 gold pieces.

Inventory:

Hand Weapons
 a - a +1 hunting sling
 b - a +0 short sword
 h - a +0 hunting sling
 i - a +2 flail of protection
 m - a +3 hand axe
 n - a +2 dagger of flaming
 C - a +4 scythe of protection
 D - a +1 dagger of draining
 E - the +1 rapier of Defence (weapon) {protect, *Drain rPois rF++ Dex+4}
   (You found it on level 4 of the Dungeon)

   It protects the one who uses it against injury (+AC on strike).
   It affects your dexterity (+4).
   It greatly protects you from fire.
   It protects you from poison.
   It causes draining when unequipped.
 F - a +1 flail of holy wrath
 L - a +2 morningstar of protection
 N - a +3 short sword
Missiles
 d - 39 sling bullets
 g - 240 stones (quivered)
Armour
 c - a +0 leather armour
 j - a +1 chain mail
 l - a cursed +0 robe
 q - a scarf of cloud immunity (worn)
 A - a +3 ring mail (worn)
Jewellery
 k - a ring of positive energy (right hand)
 y - an uncursed ring of protection from magic
 M - an uncursed ring of wizardry
Wands
 w - a wand of iceblast (9)
 H - a wand of flame (51)
 K - a wand of disintegration (13)
 P - a wand of enslavement (9)
Scrolls
 e - a scroll of fog
 o - 2 scrolls of enchant weapon {unknown}
 p - a scroll of identify
 r - a scroll of brand weapon {unknown}
 s - 2 scrolls of amnesia
 u - a scroll of magic mapping {unknown}
 v - a scroll of fear {unknown}
 z - 8 scrolls of teleportation
 G - 6 scrolls of remove curse
Potions
 x - a potion of degeneration
 B - a potion of agility
 I - a potion of haste {unknown}
 J - a potion of flight
 O - a potion of magic {unknown}
Comestibles
 f - 12 rations


   Skills:
 + Level 5.7 Fighting
 + Level 10.2 Short Blades
 + Level 11.1 Slings
 + Level 5.3 Armour
 + Level 5.3 Dodging
 + Level 2.2 Stealth


You had 9 spell levels left.
You didn't know any spells.
Your spell library was empty.

Dungeon Overview and Level Annotations

Branches:
Dungeon (9/15)             Temple (1/1) D:7
   Lair: D:8-11         Orc: D:9-12

Altars:
Cheibriados
Dithmenos
Elyvilon
Fedhas
Gozag
Kikubaaqudgha
Makhleb
Nemelex Xobeh
Okawaru
Qazlal
Ru
Sif Muna
Trog
Uskayaw
Vehumet
Wu Jian
Yredelemnul
Zin
The Shining One

Annotations:
D:3 1 runed door, bande's ghost, amateur GrFi


Innate Abilities, Weirdness & Mutations

You are small and have problems with some larger weapons.
You are somewhat resistant to further mutation.
You are missing a hand.


Message History

The centaur shouts!
You redirect the centaur's attack!
The centaur wields a shortbow.
The centaur shoots an arrow.
The arrow hits the centaur!
The centaur shoots an arrow.
The arrow hits you!
You see here an arrow.
The centaur shoots an arrow.
The arrow hits you.
* * * LOW HITPOINT WARNING * * *
The centaur shoots an arrow.
The arrow closely misses you.
You see here 3 arrows.
It was a potion of mutation.
You feel extremely strange.
You feel stupid.
You feel clever.
The centaur shoots an arrow.
The arrow hits you.
* * * LOW HITPOINT WARNING * * *
The centaur shoots an arrow.
The arrow barely misses you.
The centaur shoots an arrow.
The arrow hits you!
* * * LOW HITPOINT WARNING * * *
As you read the scroll of fog, it crumbles to dust.
The scroll dissolves into smoke.
The centaur shoots an arrow.
The arrow hits you!
You die...

############## ##
##...._..##...# ...
.##.#####.##...# ....
#####.##.# #.##.§.###...$
......##.. ##§##§.........
........... +.§§@§.........
............##c###c........
....#####...##(# ##........
....# ......##'####.....#..
....# ......#..c...........
######........|..c...(.<...
#....###.........##(.....
###....###....###### ....##
..#........### .S....


You could see 2 centaurs.

Vanquished Creatures
  Grinder (D:6)
  A hippogriff (D:7)
  Sigmund (D:3)
  Edmund (D:6)
  A sky beast (D:8)
  2 orc warriors (D:8)
  An ice beast (D:7)
  A phantom (D:6)
  4 ogres
  2 centaurs
  A big kobold (D:7)
  2 bullfrogs
  3 scorpions
  6 killer bees (D:8)
  3 vampire bats (D:4)
  3 wights (D:7)
  4 crimson imps
  6 hounds
  2 quasits
  A gnoll shaman (D:8)
  An orc priest (D:4)
  2 centaur skeletons (D:6)
  3 orc wizards
  2 iguanas
  6 worker ants
  2 hound skeletons (D:8)
  14 adders
  12 gnolls
  3 shadow imps
  A white imp (D:4)
  2 oozes (D:2)
  3 adder skeletons
  2 adder zombies
  3 worms
  A dart slug (D:2)
  5 leopard geckos
  30 orcs
  3 ball pythons
  3 bat skeletons (D:4)
  3 bat zombies (D:4)
  4 giant cockroaches
  12 goblins
  5 hobgoblins
  8 jackals
  6 quokkas
  9 bats
  4 frilled lizards
  A giant cockroach zombie (D:6)
  2 jackal skeletons
  11 kobolds
  A leopard gecko zombie (D:5)
  A quokka skeleton (D:7)
  3 quokka zombies
  8 rats
222 creatures vanquished.

Vanquished Creatures (others)
  Eustachio (D:6)
1 creature vanquished.

Grand Total: 223 creatures vanquished

Notes
Turn   | Place    | Note
-------+----------+-------------------------------------------
     0 | D:1      | shiningwizard the Halfling Hunter began the quest for the
                  | Orb.
     0 | D:1      | Reached XP level 1. HP: 14/14 MP: 1/1
    35 | D:1      | Reached skill level 6 in Slings
    55 | D:1      | Reached XP level 2. HP: 19/19 MP: 2/2
   254 | D:1      | Reached XP level 3. HP: 13/24 MP: 3/3
   282 | D:1      | Found a sparkling altar of Nemelex Xobeh.
   494 | D:2      | Reached skill level 7 in Slings
   545 | D:2      | Found a snail-covered altar of Cheibriados.
   566 | D:2      | Found a sparkling altar of Nemelex Xobeh.
   575 | D:2      | Found a radiant altar of Vehumet.
   593 | D:2      | Reached skill level 1 in Short Blades
   593 | D:2      | Reached skill level 1 in Armour
   593 | D:2      | Reached XP level 4. HP: 13/29 MP: 4/4
   666 | D:2      | Found a hide-covered altar of Uskayaw.
   772 | D:2      | Reached XP level 5. HP: 21/34 MP: 5/5
   870 | D:2      | Found a basalt altar of Yredelemnul.
  1319 | D:3      | Found a runed door.
  1322 | D:3      | Noticed bande's ghost (amateur GrFi)
  1334 | D:3      | Found a runed door.
  1354 | D:3      | Reached skill level 8 in Slings
  1441 | D:2      | Found a glowing golden altar of the Shining One.
  1590 | D:3      | Reached XP level 6. HP: 41/41 MP: 6/6
  1595 | D:3      | Noticed Sigmund
  1609 | D:3      | Killed Sigmund
  1788 | D:4      | Reached XP level 7. HP: 45/45 MP: 7/7
  1811 | D:4      | Reached skill level 9 in Slings
  1894 | D:4      | Found an ornate altar of the Wu Jian Council.
  2235 | D:4      | Got a polished rapier
  2413 | D:4      | Found an ancient bone altar of Kikubaaqudgha.
  2498 | D:5      | Entered Level 5 of the Dungeon
  2658 | D:4      | Reached skill level 10 in Slings
  2658 | D:4      | Reached XP level 8. HP: 41/53 MP: 8/8
  3301 | D:5      | Reached skill level 5 in Short Blades
  3362 | D:6      | Identified the +1 rapier of Defence {protect, *Drain rPois
                  | rF++ Dex+4} (You found it on level 4 of the Dungeon)
  3386 | D:6      | Noticed Edmund
  3411 | D:6      | Killed Edmund
  3411 | D:6      | Reached skill level 11 in Slings
  3561 | D:6      | Reached XP level 9. HP: 49/59 MP: 9/9
  3789 | D:6      | Noticed Grinder
  3814 | D:6      | Paralysed by Grinder for 6 turns
  3824 | D:6      | Killed Grinder
  3894 | D:6      | Noticed Eustachio
  3926 | D:6      | Killed Eustachio
  4092 | D:7      | Noticed a hippogriff
  4124 | D:7      | Killed a hippogriff
  4124 | D:7      | Reached skill level 5 in Fighting
  4246 | D:7      | Found a staircase to the Ecumenical Temple.
  4267 | Temple   | Entered the Ecumenical Temple
  4494 | Temple   | Became a worshipper of Ru the Awakened
  5141 | D:8      | Reached XP level 10. HP: 22/66 MP: 10/10
  5754 | D:8      | Reached skill level 5 in Armour
  5763 | D:8      | Found a burning altar of Makhleb.
  5945 | D:8      | Reached skill level 5 in Dodging
  6086 | D:8      | Reached skill level 10 in Short Blades
  6098 | D:8      | Gained mutation: You are missing a hand. [Ru sacrifice]
  6098 | D:8      | Reached * piety under Ru
  6098 | D:8      | Reached ** piety under Ru
  6098 | D:8      | Reached *** piety under Ru
  6345 | D:9      | Noticed a gargoyle
  6361 | D:9      | Found a deep blue altar of Sif Muna.
  6395 | D:9      | Gained mutation: You are dopey. (Int -2) [potion of
                  | mutation]
  6395 | D:9      | Lost mutation: You are dopey. (Int -2) [potion of mutation]
  6396 | D:9      | Shot with an arrow by a centaur

Skill      XL: |  1  2  3  4  5  6  7  8  9 10 |
---------------+-------------------------------+-----
Slings         | 6 7 8 10 11 | 11.1
Fighting       | 2 3 4 5 |  5.7
Short Blades   | 1 2 3 4 5 8 10 | 10.2
Armour         | 1 2 3 4 5 |  5.3
Dodging        | 3 4 5 |  5.3
Stealth        | 2 |  2.2

Action                   |  1- 3 |  4- 6 |  7- 9 | 10-12 || total
-------------------------+-------+-------+-------+-------++-------
Melee: Short sword       |    49 |       |       |       ||    49
       Dagger            |    33 |   126 |   166 |       ||   325
       Rapier            |       |       |   428 |   279 ||   707
 Fire: Hunting sling     |    27 |   102 |   151 |       ||   280
Throw: Stone             |       |     3 |       |       ||     3
Invok: Sacrifice a Hand  |       |       |       |     1 ||     1
  Use: Potion            |     1 |     3 |     6 |     2 ||    12
       Scroll            |     2 |     4 |     7 |     5 ||    18
 Stab: Sleeping          |       |       |     2 |       ||     2
  Eat: Ration            |       |     1 |     4 |     1 ||     6
Armor: Leather armour    |     3 |       |       |       ||     3
       Chain mail        |    47 |    98 |   132 |       ||   277
       Ring mail         |       |       |   143 |    85 ||   228
Dodge: Dodged            |    43 |    58 |   375 |   212 ||   688
